 Dungeon Crawl Stone Soup version 0.24-a0-549-g45f0056d81 (webtiles) character file.

Game seed: 6739081569741923286

14032 MummyMadness the Archer (level 11, 0/101 HPs)
             Began as a Centaur Air Elementalist on Aug 20, 2019.
             Was a High Priest of Okawaru.
             Slain by a reaper
             ... wielding a +2 scythe of slicing
              (23 damage)
             ... in a Gauntlet.
             The game lasted 00:59:44 (20301 turns).

MummyMadness the Archer (Centaur Air Elementalist) Turns: 20301, Time: 00:59:45

Health: 0/101      AC: 22    Str: 11    XL:     11   Next: 83%
Magic:  11/16      EV:  9    Int: 20    God:    Okawaru [*****.]
Gold:   148        SH:  0    Dex: 10    Spells: 7/14 levels left

rFire    + + .     SeeInvis +   b - +1 shortbow
rCold    . . .     Gourm    .   (shield currently unavailable)
rNeg     . . .     Faith    +   S - +5 scale mail of Negligence {rF++}
rPois    +         Spirit   .   r - +2 helmet {SInv}
rElec    .         Reflect  .   l - +2 cloak {MR+}
rCorr    .         Harm     .   U - +1 pair of gloves
MR       +....     NoTele   +   (no barding)
Stlth    +.........             H - amulet of faith {!P}
HPRegen  0.26/turn              P - ring of poison resistance
MPRegen  0.15/turn              Z - ring of wizardry

@: brilliant, heroism, finesse, very quick
A: large, hooves 3, deformed body, speed 2, tough skin 3, weak 1
a: Heroism, Finesse, Renounce Religion


You were in a Gauntlet.
You worshipped Okawaru.
Okawaru was extremely pleased with you.
You were not hungry.

You visited 3 branches of the dungeon, and saw 13 of its levels.
You also visited: Gauntlet.

You collected 778 gold pieces.
You spent 630 gold pieces at shops.


Innate Abilities, Weirdness & Mutations

You have hooves in place of feet.
Armour fits poorly on your strangely shaped body.
You cover ground very quickly.
You have extremely tough skin. (AC +3)
You are weak. (Str -2)


   Skills:
 * Level 10.5(15.5) Fighting
 - Level 14.0(19.0) Bows
 - Level 3.3(8.3) Armour
 - Level 3.0(8.0) Dodging
 - Level 1.1(6.1) Stealth
 - Level 2.0 Spellcasting
 - Level 2.1 Conjurations
 - Level 6.3 Air Magic
 * Level 7.9 Invocations


You had 7 spell levels left.
You knew the following spells:

 Your Spells              Type           Power        Failure   Level  Hunger
k - Airstrike             Air            #####.....   6%          4    #####..
s - Swiftness             Chrm/Air       ####....     3%          2    ##.....
z - Shock                 Conj/Air       ####         1%          1    #......

Your spell library contained the following spells:

 Spells                   Type           Power        Failure   Level  Hunger
 Static Discharge         Conj/Air       ####....     4%          3    ###....
 Animate Skeleton         Necr           N/A          8%          1    #......
 Apportation              Tloc           ##....       8%          1    #......
 Confusing Touch          Hex            ##....       8%          1    #......
 Summon Small Mammal      Summ           ##..         8%          1    #......
 Lightning Bolt           Conj/Air       ####......   32%         5    ######.
 Ignition                 Fire           ##........   100%        8    #######
 Shatter                  Erth           ##........   100%        9    #######
 Tornado                  Air            #####.....   100%        9    #######

Inventory:

Hand Weapons
 a - a +1 spear of chaos
 b - a +1 shortbow (weapon)
Missiles
 w - 172 arrows (quivered)
Armour
 l - a +2 cloak of magic resistance (worn)
 r - a +2 helmet of see invisible (worn)
 G - a +1 chain mail of cold resistance
 S - the +5 scale mail of Negligence (worn) {rF++}
   (You bought it in a shop on level 9 of the Dungeon)

   It greatly protects you from fire.
 U - a +1 pair of gloves (worn)
Jewellery
 k - the ring "Xorieq" {MR+ AC-3}
   (You found it on level 9 of the Dungeon)

   [ring of protection]

   It affects your AC (-3).
   It affects your resistance to hostile enchantments.
 F - an uncursed ring of fire
 H - an amulet of faith (around neck) {!P}
 P - a ring of poison resistance (left hand)
 Z - a ring of wizardry (right hand)
Wands
 g - a wand of disintegration (13)
 h - a wand of flame (19)
 s - a wand of paralysis (7)
 v - a wand of clouds (2)
 E - a wand of acid (6)
 O - a wand of digging (2)
 R - a wand of random effects (14)
Scrolls
 d - a scroll of silence {unknown}
 j - 3 scrolls of enchant weapon
 p - 2 scrolls of random uselessness
 t - a scroll of fog {unknown}
 u - a scroll of fear
 x - 4 scrolls of teleportation {@r4}
 y - 7 scrolls of remove curse {@r2}
 z - a scroll of vulnerability {unknown}
 A - a scroll of amnesia {unknown}
 C - a scroll of holy word {unknown}
 L - a scroll of noise {unknown}
Potions
 e - 6 potions of curing {@q1}
 m - 2 potions of ambrosia
 n - a potion of lignification {unknown}
 o - a potion of brilliance
 q - a potion of heal wounds {unknown}
 D - 2 potions of cancellation {unknown}
 M - a potion of flight {unknown}
 N - 2 potions of might
 Q - a potion of invisibility {unknown}
 T - 2 potions of mutation {unknown}
Comestibles
 c - 22 rations

Dungeon Overview and Level Annotations

Branches:
Dungeon (11/15)            Temple (1/1) D:4            Lair (1/6) D:11
    Orc (0/2) D:9

Altars:
Ashenzari
Cheibriados
Dithmenos
Elyvilon
Fedhas
Gozag
Hepliaklqana
Kikubaaqudgha
Makhleb
Nemelex Xobeh
Okawaru
Qazlal
Ru
Sif Muna
Trog
Uskayaw
Vehumet
Wu Jian
Xom
Yredelemnul
Zin
The Shining One

Shops:
D:6 [:   D:9 [[

Annotations:
D:9 2 transporters, exclusion: obsidian statue Gauntlet 11 transporters, exclusion: 2 lightning spires

.........8.....8...§.8.##
########..........§....≈#
xx≈....#...#########...##
.≈≈x≈≈≈#...#.....#.#...≈#
≈xx≈≈.x#####[###.#.#...##
.≈≈....#...#...###.#...≈#
.≈©.≈≈x#©8©#©..©(..#©8.##
.≈≈.≈.≈#...#!.4###.#..§≈#
≈..≈..≈#####=###@#.#..§##
≈≈..≈≈.#...#§424.#.#...≈#
..≈≈...#...#########...##
########...............≈#
.........8.....8.....8.##
..8.....................##
..........###########...≈#
#######...##..EhhR°##...##
......#...#.#.....#○#.∩.≈#


You could see a reaper, 2 hellwings, an efreet, a fire elemental and 2 hell
hounds.


Message History

Okay, then.
As you read the scroll of fear, it crumbles to dust.
You assume a fearsome visage.
The reaper is unaffected.
The hellwing is unaffected.
The hellwing hits you but does no damage. x2
Okay, then.
Okay, then.
Unknown command.
Evoke which item? (* to show all) (? for menu, Esc to quit)
Okay, then.
Evoke which item? (* to show all) (? for menu, Esc to quit)
Aiming: Dig
Press: ? - help, Shift-Dir - straight line, p - reaper Digging in that direction won't affect any walls.
A stone wall.
Digging in that direction won't affect any walls.
Okay, then.
Okay, then.
Okay, then.
Okay, then.
Use which ability? (? or * to list)
Okay, then.
Evoke which item? (* to show all) (? for menu, Esc to quit)
Okay, then.
Okay, then.
It was a potion of brilliance.
You feel clever all of a sudden. The hellwing closely misses you. x2
The reaper hits you from afar with a +2 scythe of slicing!!
You die...

Skill      XL: |  1  2  3  4  5  6  7  8  9 10 11 |
---------------+----------------------------------+-----
Air Magic      | 3 4 6 |  6.3
Spellcasting   | 2 |  2.0
Conjurations   | 1 2 |  2.1
Fighting       | 2 5 7 10 | 10.5
Invocations    | 3 4 7 |  7.9
Bows           | 8 13 14 | 14.0
Armour         | 3 |  3.3
Dodging        | 3 |  3.0
Stealth        | |  1.1

Action                   |  1- 3 |  4- 6 |  7- 9 | 10-12 || total
-------------------------+-------+-------+-------+-------++-------
Melee: Dagger            |    35 |    23 |       |       ||    58
       Kick              |     6 |     5 |    51 |    40 ||   102
       Spear             |       |       |   207 |   178 ||   385
       Halberd           |       |       |     8 |       ||     8
 Fire: Hunting sling     |       |   189 |    74 |       ||   263
       Shortbow          |       |       |   101 |   879 ||   980
Throw: Stone             |       |    14 |       |       ||    14
 Cast: Shock             |    54 |   107 |   234 |       ||   395
Invok: Heroism           |       |       |     1 |     3 ||     4
       Finesse           |       |       |       |     1 ||     1
Evoke: Wand              |       |     7 |     1 |     8 ||    16
  Use: Potion            |       |     1 |       |     4 ||     5
       Scroll            |       |       |     8 |     6 ||    14
 Stab: Paralysed         |       |    18 |     3 |       ||    21
       Petrified         |       |       |     2 |     5 ||     7
       Petrifying        |       |       |     1 |       ||     1
  Eat: Chunk             |     3 |    11 |    24 |    10 ||    48
       Ration            |       |     1 |     1 |     2 ||     4
Armor: Robe              |    23 |    57 |    83 |       ||   163
       Scale mail        |       |       |    10 |   268 ||   278
Dodge: Dodged            |    27 |    72 |   114 |   144 ||   357

Levels and vault maps discovered:
D:1:      lightli_arrival_lavapool, layout_loops_corners
D:2:      layout_basic, lemuel_round_altar
D:3:      layout_basic, nicolae_overflow_crystal_walls, serial_forest,
          infiniplex_forest_clump_diagonal, infiniplex_forest_clump_curved,
          infiniplex_forest_clump_medium, infiniplex_forest_straight_5,
          infiniplex_forest_straight_2, infiniplex_forest_clump_tiny,
          infiniplex_forest_lined_2, minmay_misc_feat_more_columns, uniq_grinder
D:4:      layout_loops_ring, tgw_xom, temple_pool_b, first_ration, uniq_edmund,
          uniq_crazy_yiuf_cottage, uniq_robin
D:5:      layout_rooms, uniq_pikel
D:6:      layout_gridville, overflow_temple_1_default,
          makhleb_blood_cavern_becter, serial_shops, nicolae_shop_trees, shop,
          uniq_menkaure
D:7:      layout_loops_ring, nicolae_ru_awakened_eye
D:8:      minmay_bubble_buster, layout_basic
D:9:      gammafunk_jiyva_shrine, layout_cave_pods, orc_david_3, serial_shops,
          shop, blue_anna_alchemist [blue_anna_fruit_fields,
          blue_anna_fruit_fields], minivault_8
D:10:     kennysheep_ambush_hall, layout_long_grid, uniq_grum, uniq_erica,
          uniq_snorg
D:11:     layout_roguey, lair_entry_dummy
Temple:   eino_temple_scatter_basement
Lair:1:   statuecave_lemuel, layout_layer_cave, gauntlet_entry_generic
Gauntlet: minmay_gauntlet_mixed_oops_all_seconds
          [minmay_gauntlet_arena_77_p_blocks, nicolae_gauntlet_arena_x,
          minmay_gauntlet_arena_77_mirror, nicolae_gauntlet_arena_t_cross,
          minmay_gauntlet_arena_77_broken_ladder,
          nicolae_gauntlet_arena_flowing_pool,
          nicolae_gauntlet_exit_dead_adventurers]

Notes
Turn   | Place    | Note
-------+----------+-------------------------------------------
     0 | D:1      | MummyMadness the Centaur Air Elementalist began the quest
                  | for the Orb.
     0 | D:1      | Reached XP level 1. HP: 14/14 MP: 3/3
   398 | D:1      | Reached skill level 3 in Air Magic
   454 | D:1      | Reached XP level 2. HP: 20/20 MP: 0/4
  1556 | D:2      | Reached skill level 2 in Spellcasting
  1654 | D:2      | Reached XP level 3. HP: 26/26 MP: 0/6
  1741 | D:1      | Reached skill level 4 in Air Magic
  1861 | D:2      | Reached XP level 4. HP: 33/33 MP: 5/7
  1933 | D:2      | Reached skill level 1 in Conjurations
  2467 | D:2      | Found a glowing golden altar of the Shining One.
  3039 | D:3      | Noticed Grinder
  3073 | D:3      | Learned a level 4 spell: Airstrike
  3518 | D:3      | Reached XP level 5. HP: 7/38 MP: 0/8
  3974 | D:3      | Paralysed by Grinder for 5 turns
  4381 | D:3      | Found a snail-covered altar of Cheibriados.
  4570 | D:3      | Reached skill level 5 in Air Magic
  4642 | D:3      | Reached skill level 2 in Conjurations
  4902 | D:3      | Killed Grinder
  4902 | D:3      | Reached skill level 6 in Air Magic
  4902 | D:3      | Reached XP level 6. HP: 19/45 MP: 9/9
  5323 | D:3      | Reached skill level 1 in Fighting
  5969 | D:4      | Reached skill level 2 in Fighting
  5987 | D:4      | Noticed Robin
  6020 | D:4      | Killed Robin
  6113 | D:3      | Reached XP level 7. HP: 49/56 MP: 6/10
  6410 | D:4      | Found a runed translucent door.
  6411 | D:4      | Noticed Crazy Yiuf
  6615 | D:4      | Found a staircase to the Ecumenical Temple.
  6760 | D:4      | Reached skill level 3 in Fighting
  6931 | Temple   | Entered the Ecumenical Temple
  7141 | Temple   | Became a worshipper of Warmaster Okawaru
  7204 | D:4      | Noticed Edmund
  7242 | D:4      | Killed Edmund
  7242 | D:4      | Reached skill level 4 in Fighting
  7246 | D:4      | Learned a level 2 spell: Swiftness
  7451 | D:4      | Reached skill level 5 in Fighting
  7569 | D:4      | Reached skill level 1 in Invocations
  7659 | D:4      | Found a shimmering altar of Xom.
  8171 | D:4      | Killed Crazy Yiuf
  8171 | D:4      | Reached skill level 2 in Invocations
  8375 | D:5      | Entered Level 5 of the Dungeon
  8402 | D:5      | Reached skill level 3 in Invocations
  8402 | D:5      | Reached XP level 8. HP: 56/68 MP: 11/11
  8522 | D:5      | Reached skill level 1 in Bows
  8744 | D:5      | Reached skill level 2 in Bows
  8744 | D:5      | Noticed Pikel
  8976 | D:4      | Killed Pikel
  8976 | D:4      | Reached * piety under Okawaru
  8976 | D:4      | Reached skill level 5 in Bows
  8976 | D:4      | Reached skill level 4 in Invocations
  9283 | D:5      | Reached skill level 6 in Bows
  9756 | D:6      | Reached skill level 7 in Bows
  9884 | D:6      | Found a sparkling altar of Nemelex Xobeh.
 10053 | D:6      | Found a burning altar of Makhleb.
 10078 | D:6      | Reached skill level 8 in Bows
 10181 | D:6      | Found Hiutyph's Armour Shop.
 10212 | D:6      | Reached XP level 9. HP: 73/73 MP: 8/12
 10398 | D:6      | Found Hahupain's Book Boutique.
 10411 | D:6      | Reached skill level 9 in Bows
 10465 | D:6      | Noticed Menkaure
 10481 | D:6      | Killed Menkaure
 10481 | D:6      | Reached ** piety under Okawaru
 10898 | D:6      | Reached skill level 10 in Bows
 11569 | D:7      | Found a sacrificial altar of Ru.
 11827 | D:7      | Reached skill level 11 in Bows
 13341 | D:8      | Reached skill level 12 in Bows
 13631 | D:8      | Reached *** piety under Okawaru
 14020 | D:9      | Found Huischok's Antique Armour Shop.
 14027 | D:9      | Bought a dazzling scale mail for 234 gold pieces
 14027 | D:9      | Bought a pair of gloves for 117 gold pieces
 14042 | D:9      | Identified the +5 scale mail of Negligence {rF++} (You
                  | bought it in a shop on level 9 of the Dungeon)
 14094 | D:8      | Reached skill level 13 in Bows
 14240 | D:9      | Got a glittering marble ring
 14244 | D:9      | Identified the cursed ring "Xorieq" {MR+ AC-3} (You found
                  | it on level 9 of the Dungeon)
 14283 | D:9      | Reached XP level 10. HP: 77/80 MP: 13/13
 14331 | D:9      | Found Tioput's Armour Boutique.
 14398 | D:9      | Found a staircase to the Orcish Mines.
 14447 | D:9      | Received a gift from Okawaru
 14505 | D:9      | Reached skill level 14 in Bows
 14609 | D:9      | Reached skill level 1 in Armour
 14732 | D:9      | Noticed an obsidian statue
 14732 | D:9      | Noticed a molten gargoyle
 14776 | D:9      | Killed a molten gargoyle
 14776 | D:9      | Received a gift from Okawaru
 14776 | D:9      | Reached skill level 2 in Armour
 15098 | D:9      | Noticed a molten gargoyle
 15184 | D:9      | Killed a molten gargoyle
 15184 | D:9      | Reached skill level 3 in Armour
 15300 | D:9      | Noticed a molten gargoyle
 15345 | D:9      | Killed a molten gargoyle
 15345 | D:9      | Reached **** piety under Okawaru
 15345 | D:9      | Reached skill level 2 in Dodging
 15400 | D:9      | Found a transporter.
 15408 | D:9      | Found a transporter.
 15513 | D:9      | Reached skill level 3 in Dodging
 15783 | D:9      | Gained mutation: You are weak. (Str -2) [a neqoxec]
 15909 | D:9      | Noticed a sun demon
 15955 | D:9      | HP: 6/80 [sun demon[an obsidian statue] (6)]
 16131 | D:9      | Bought a +2 helmet of see invisible for 279 gold pieces
 16160 | D:10     | Entered Level 10 of the Dungeon
 16389 | D:10     | Reached skill level 6 in Fighting
 16451 | D:10     | Received a gift from Okawaru
 16544 | D:10     | Noticed Grum
 16659 | D:10     | Killed Grum
 16659 | D:10     | Reached skill level 7 in Fighting
 16870 | D:10     | Noticed Snorg
 16987 | D:10     | Killed Snorg
 16987 | D:10     | Received a gift from Okawaru
 16987 | D:10     | Reached XP level 11. HP: 94/94 MP: 14/14
 17166 | D:10     | Reached skill level 8 in Fighting
 17403 | D:10     | Received a gift from Okawaru
 17604 | D:10     | Reached ***** piety under Okawaru
 17838 | D:10     | Reached skill level 9 in Fighting
 18042 | D:10     | Noticed Erica
 18091 | D:10     | Killed Erica
 18338 | D:11     | Noticed a five-headed hydra
 18406 | D:11     | Killed a five-headed hydra
 18406 | D:11     | Reached skill level 10 in Fighting
 18428 | D:10     | Reached skill level 5 in Invocations
 18789 | D:11     | Found a staircase to the Lair.
 18848 | D:11     | Reached skill level 6 in Invocations
 18856 | D:11     | Received a gift from Okawaru
 19063 | D:10     | Reached skill level 7 in Invocations
 19729 | Lair:1   | Entered Level 1 of the Lair of Beasts
 19805 | Lair:1   | Found a gate leading to a gauntlet.
 19866 | Gauntlet | Entered a Gauntlet
 19866 | Gauntlet | Found a transporter.
 20084 | Gauntlet | Found a transporter.
 20096 | Gauntlet | Found a transporter.
 20100 | Gauntlet | Found a transporter.
 20110 | Gauntlet | Noticed a dire elephant
 20120 | Gauntlet | Found a transporter.
 20133 | Gauntlet | Found a transporter.
 20146 | Gauntlet | Found a transporter.
 20163 | Gauntlet | Found a transporter.
 20167 | Gauntlet | Found a transporter.
 20176 | Gauntlet | Found a transporter.
 20178 | Gauntlet | Noticed a reaper
 20200 | Gauntlet | Found a transporter.
 20204 | Gauntlet | Found a transporter.
 20301 | Gauntlet | Slain by a reaper

Vanquished Creatures
  Snorg (D:10)
  A hydra (D:11)
  Erica (D:10)
  Pikel (D:4)
  2 black mambas (Lair:1)
  3 molten gargoyles (D:9)
  A spiny frog (D:11)
  Grinder (D:3)
  A troll (D:11)
  3 hippogriffs
  13 yaks
  A wraith (D:10)
  Menkaure (D:6)
  Grum (D:10)
  2 hungry ghosts
  Edmund (D:4)
  A soldier ant (D:10)
  6 orc warriors
  A slave (D:5)
  2 ice beasts
  A black bear (D:11)
  An eye of draining (D:11)
  2 sky beasts
  A necrophage (D:6)
  4 wolves (D:10)
  6 centaurs
  A phantom (D:10)
  4 ogres
  3 big kobolds
  5 bullfrogs
  A gnoll sergeant (D:10)
  4 scorpions
  5 wights (D:10)
  4 crimson imps
  2 bullfrog zombies
  3 centaur zombies
  A lava snake (D:9)
  2 quasits
  Crazy Yiuf (D:4)
  4 hounds
  5 jellies
  4 centaur skeletons
  5 orc priests
  10 orc wizards
  2 bullfrog skeletons
  6 worker ants
  A hound skeleton (D:6)
  Robin (D:4)
  2 worker ant zombies (D:8)
  A howler monkey skeleton (D:4)
  14 gnolls
  12 adders
  A shadow imp (D:8)
  2 adder skeletons
  4 worms
  2 dart slugs
  10 leopard geckos
  34 orcs
  7 bats
  7 giant cockroaches
  16 goblins
  12 hobgoblins
  15 jackals
  5 quokkas
  A ball python (D:5)
  5 frilled lizards
  A jackal zombie (D:5)
  11 kobolds
  2 leopard gecko zombies
  7 rats
304 creatures vanquished.

Vanquished Creatures (others)
  A giant cockroach (D:5)
  2 bushes (D:3)
  3 plants (D:3)
6 creatures vanquished.

Grand Total: 310 creatures vanquished
